 Dungeon Crawl Stone Soup version 0.22-a0-149-g870e420 (webtiles) character file.

67 KristoblXynda the Slasher (level 4, 0/33 HPs)
             Began as a Vampire Gladiator on Feb 7, 2018.
             Succumbed to an adder's poison
             ... on level 2 of the Dungeon.
             The game lasted 00:02:12 (832 turns).

KristoblXynda the Slasher (Vampire Gladiator)        Turns: 832, Time: 00:02:13

Health: 0/33       AC:  3    Str: 14    XL:     4   Next: 0%
Magic:  4/4        EV: 20    Int: 10    God:
Gold:   57         SH:  0    Dex: 20    Spells: 3/3 levels left

rFire    . . .     SeeInvis +   a - +0 long sword
rCold    . . .     Gourm    .   (no shield)
rNeg     + . .     Faith    .   i - +0 robe (curse)
rPois    .         Spirit   .   c - +0 helmet
rElec    .         Reflect  .   (no cloak)
rCorr    .         Harm     .   (no gloves)
MR       .....                  (no boots)
Stlth    +++.......             (no amulet)
HPRegen  0.11/turn              (no ring)
MPRegen  0.09/turn              (no ring)

@: agile, lethally poisoned (0 -> -6)
A: fangs 3, see invisible, unbreathing
a: Bat Form


You were on level 2 of the Dungeon.
You were not thirsty.

You visited 1 branch of the dungeon, and saw 2 of its levels.

You collected 57 gold pieces.

Inventory:

Hand Weapons
 a - a +0 long sword (weapon)
Missiles
 d - 3 throwing nets (quivered)
Armour
 c - a +0 helmet (worn)
 i - a cursed +0 robe (worn)
 k - a +0 ring mail
Scrolls
 b - a scroll of identify {unknown}
 g - a scroll of teleportation {unknown}
 h - a scroll of amnesia {unknown}
 j - a scroll of random uselessness {unknown}
 l - a scroll of enchant weapon {unknown}
Potions
 e - a potion of blood
 f - a potion of agility


   Skills:
 - Level 1.7 Fighting
 * Level 4.3 Long Blades
 - Level 1.5 Throwing
 + Level 4.1 Dodging


You had 3 spell levels left.
You didn't know any spells.

Dungeon Overview and Level Annotations

Branches:
Dungeon (2/15)

Altars:


Innate Abilities, Weirdness & Mutations

You have razor-sharp teeth.
You have supernaturally acute eyesight. (SInv)
You can survive without breathing.


Message History

* * * LOW HITPOINT WARNING * * *
You feel sick.
* * * LOW HITPOINT WARNING * * *
You feel sick.
Things that are here:
a dagger; a robe There isn't anything to bottle or butcher here.
* * * LOW HITPOINT WARNING * * *
You feel sick.
Things that are here:
a scroll labeled SYZXOE UMMYL; 17 gold pieces; a hobgoblin corpse You bottle the corpse's blood.
Items here: ! $ ? รท a potion of blood; a scroll labeled SYZXOE UMMYL; 17 gold pieces a hobgoblin skeleton
* * * LOW HITPOINT WARNING * * *
You feel sick.
You see here a bat corpse.
You bottle the corpse's blood.
You die...

#......# . #
#........
#.#......#. #
.......... .##
.........##..####
#...............#
........)........
#..###!)####.###
#.. ##@# #..
#.### ####..
#...#
......#####.#
#......#.##
#........#
##.##..#.######.
#.###.....<....
#.####.........


There were no monsters in sight!

Vanquished Creatures
  Jessica (D:2)
  An adder (D:2)
  A dart slug (D:1)
  A giant cockroach (D:1)
  4 goblins
  6 hobgoblins
  3 kobolds (D:1)
  2 ball pythons
  6 bats
  3 frilled lizards (D:1)
  4 rats (D:1)
32 creatures vanquished.

Notes
Turn   | Place    | Note
-------+----------+-------------------------------------------
     0 | D:1      | KristoblXynda the Vampire Gladiator began the quest for the Orb.
     0 | D:1      | Reached XP level 1. HP: 16/16 MP: 1/1
   188 | D:1      | Reached XP level 2. HP: 20/22 MP: 2/2
   772 | D:2      | Reached XP level 3. HP: 27/27 MP: 3/3
   800 | D:2      | Noticed Jessica
   815 | D:2      | Killed Jessica
   827 | D:2      | Reached XP level 4. HP: 4/33 MP: 4/4
   831 | D:2      | HP: 1/33 [poisoned by an adder]
   832 | D:2      | Succumbed to an adder's poison

Vault maps used:
D:1:      dpeg_arrival_castle
D:2:      first_ration, st_stairs_10, small_statue_intersection,
          minmay_joined_circles, uniq_jessica, uniq_crazy_yiuf_cottage

Skill      XL: |  1  2  3 |
---------------+----------+-----
Long Blades    | 4 |  4.3
Dodging        | 4 |  4.1
Fighting       | |  1.7
Throwing       | |  1.5

Action                   |  1- 3 |  4- 6 || total
-------------------------+-------+-------++-------
Melee: Long sword        |    69 |       ||    69
       Bite              |    10 |       ||    10
  Use: Potion            |     1 |       ||     1
 Stab: Sleeping          |     2 |       ||     2
Armor: Leather armour    |     7 |       ||     7
       Robe              |     8 |       ||     8
Dodge: Dodged            |    71 |       ||    71
       Rpst.: Long sword |    23 |       ||    23

Table legend:
 A = Spawn XP
 B = Non-spawn XP
 C = Spawn XP percentage of total XP
 D = Spawn monster count
 E = Non-spawn monster count
 F = Spawn count percentage of total count
 G = Total turns spent on level
                    A         B        C        D         E        F      G
               +---------+---------+-------+---------+---------+-------+---------
         Total |       0 |      97 |   0.0 |       0 |      32 |   0.0 |   832
               +---------+---------+-------+---------+---------+-------+---------
           D:1 |       0 |      39 |   0.0 |       0 |      26 |   0.0 |   767
           D:2 |       0 |      58 |   0.0 |       0 |       6 |   0.0 |    65
               +---------+---------+-------+---------+---------+-------+---------
